 Dungeon Crawl Stone Soup version 0.31.0-9-g3a7656b989 (webtiles) character file.

Game seed: 4945171564154818579

119 ichi404 the Sneak (level 5, -1/31 HPs)
             Began as a Kobold Brigand on Jan 29, 2024.
             Slain by Grinder (6 damage)
             ... on level 4 of the Dungeon.
             The game lasted 00:05:01 (1119 turns).

ichi404 the Sneak (Kobold Brigand)                  Turns: 1119, Time: 00:05:04

Health: -1/31      AC:  3    Str:  8    XL:     5   Next: 23%
Magic:  5/5        EV: 14    Int: 13    God:
Gold:   72         SH:  0    Dex: 18    Spells: 4/4 levels left

rFire   . . .        a - +2 dagger
rCold   . . .        (no shield)
rNeg    . . .        b - +0 robe
rPois   .            (no helmet)
rElec   .            c - +0 cloak
rCorr   .            (no gloves)
SInv    .            (no boots)
Will    .....        (no amulet)
Stlth   +++++        (no ring)
HPRegen 0.25/turn    (no ring)
MPRegen 0.09/turn

%: no passive effects
@: no status effects
A: small, no large weapons, nightstalker 3
a: no special abilities


You were on level 4 of the Dungeon.
You visited 1 branch of the dungeon, and saw 4 of its levels.

You collected 72 gold pieces.

Inventory:

Hand Weapons
 a - a +2 dagger (weapon)
 j - a +1 whip of distortion
Missiles
 d - 9 poisoned darts (quivered)
 e - 3 curare-tipped darts
Armour
 b - a +0 robe (worn)
 c - a +0 cloak (worn)
Talismans
 k - a blade talisman
Scrolls
 f - a scroll of identify {unknown}
 h - a scroll of amnesia {unknown}
Potions
 g - a potion of mutation {unknown}
 i - a potion of heal wounds {unknown}


   Skills:
 + Level 2.3 Fighting
 * Level 3.6 Short Blades
 + Level 2.2 Throwing
 * Level 1.9 Dodging
 * Level 7.7 Stealth


You had 4 spell levels left.
You didn't know any spells.
Your spell library was empty.

Dungeon Overview and Level Annotations

Branches:
Dungeon (4/15)
 Temple: D:4-7

Altars:

Annotations:
D:4 Grinder


Innate Abilities, Weirdness & Mutations

You are small and have problems with some larger weapons.
You are completely attuned to the shadows.


Message History

Found 5 stones.
No target in view!
Found 9 stones.
No target in view!
You see here 9 stones.
You see here 9 stones.
There is a stone staircase leading down here.
Found a stone staircase leading up.
No target in view!
There is a stone staircase leading up here.
Found a blade talisman.
No target in view!
Grinder comes into view.
You see here a blade talisman.
k - a blade talisman Grinder shouts!
A ball python comes into view.
Grinder blinks!
Grinder gestures at you. Pain shoots through your body!
You hit the ball python.
The ball python is heavily wounded.
The ball python bites you. The ball python closely misses you.
You hit the ball python.
You kill the ball python!
Grinder gestures at you. You resist with significant effort.
Grinder gestures at you. You resist with significant effort.
You hit Grinder but do no damage. You hit Grinder.
Grinder is lightly wounded.
Grinder hits you!
You writhe in agony.
You closely miss Grinder.
Grinder is lightly wounded.
Grinder hits you.
* * * LOW HITPOINT WARNING * * *
You writhe in agony.
You die...
Grinder sighs, "Dead already?
I want a refund."

#..# #..# #..#
#.†# #..#
######.5#####.
#.<....@......
#.####..#####.
#.# #......
#.# #.#####
#.####.#
#....#. ####.#
#.# #.#.#


You could see Grinder.

Vanquished Creatures
  A bombardier beetle (D:4)
  A jelly (D:4)
  2 adders (D:3)
  A dart slug (D:2)
  An endoplasm (D:1)
  A giant cockroach (D:3)
  5 hobgoblins
  8 jackals
  2 quokkas
  3 ball pythons
  A frilled lizard (D:2)
  4 goblins
  3 kobolds
  2 rats
35 creatures vanquished.

Notes
Turn   | Place    | Note
-------+----------+-------------------------------------------
     0 | D:1      | ichi404 the Kobold Brigand began the quest for the Orb.
     0 | D:1      | Reached XP level 1. HP: 12/12 MP: 1/1
    94 | D:1      | Reached XP level 2. HP: 14/17 MP: 2/2
   359 | D:2      | Reached skill level 6 in Stealth
   505 | D:2      | Reached XP level 3. HP: 21/21 MP: 3/3
   866 | D:3      | Reached XP level 4. HP: 26/26 MP: 4/4
   936 | D:4      | Reached skill level 7 in Stealth
   965 | D:4      | Reached XP level 5. HP: 31/31 MP: 5/5
  1102 | D:4      | Noticed Grinder
  1119 | D:4      | Slain by Grinder

Illustrated notes

Levels and vault maps discovered:
D:1:      sevenhm_arrival_forest_fort_large_2, layout_loops_ring
D:2:      layout_basic, st_stairs_7, minivault_27
D:3:      layout_loops_ring, marbit_many_paths, lemuel_tele_altar,
          basic_ecumenical_altar
D:4:      layout_loops_ring, lemuel_doored_altar, temple_pool_b,
          roderic_roman_lattice, uniq_grinder, uniq_edmund, uniq_ijyb

Skill      XL: |  1  2  3  4 |
---------------+-------------+-----
Short Blades   | 3 |  3.6
Stealth        | 6 7 |  7.7
Fighting       | |  2.3
Throwing       | |  2.2
Dodging        | |  1.9

Action                     |  1- 3 |  4- 6 || total
---------------------------+-------+-------++-------
  Melee: Dagger            |    79 |    13 ||    92
   Stab: Sleeping          |    17 |     5 ||    22
 Armour: Robe              |    28 |     4 ||    32
  Dodge: Dodged            |    34 |     3 ||    37
